 Dungeon Crawl Stone Soup version 0.28-a0-1616-g050a50673c (webtiles) character file.

Game seed: 16233456794858754412

4 porpoise the Insei (level 1, -2/15 HPs)
             Began as a Demonspawn Transmuter on Jan 23, 2022.
             Slain by a gnoll (5 damage)
             ... on level 1 of the Dungeon.
             The game lasted 00:02:04 (205 turns).

porpoise the Insei (Demonspawn Transmuter)           Turns: 205, Time: 00:02:05

Health: -2/15      AC:  2    Str: 10    XL:     1   Next: 50%
Magic:  3/3        EV: 12    Int: 14    God:
Gold:   0          SH:  0    Dex: 13    Spells: 3/4 levels left

rFire   + . .      SeeInvis .     - Unarmed
rCold   . . .      Faith    .   (no shield)
rNeg    . . .      Spirit   .   a - +0 robe
rPois   .          Reflect  .   (no helmet)
rElec   .          Harm     .   (no cloak)
rCorr   .          Rampage  .   (no gloves)
Will    .....                   (no boots)
Stlth   +.........              (no amulet)
HPRegen 0.05/turn               f - ring of protection from fire
MPRegen 0.08/turn               (no ring)

@: no status effects
A: no striking features
a: no special abilities


You were on level 1 of the Dungeon.
You visited 1 branch of the dungeon, and saw 1 of its levels.

Inventory:

Hand Weapons
 w - a +2 dagger of venom
Missiles
 b - 42 stones
Armour
 a - a +0 robe (worn)
Jewellery
 f - a ring of protection from fire (left hand)
Scrolls
 c - a scroll of vulnerability {unknown}
 e - a scroll of identify {unknown}
Potions
 d - a potion of haste {unknown}


   Skills:
 * Level 1.2 Fighting
 - Level 1.7 Dodging
 + Level 0.2 Stealth
 * Level 2.8 Unarmed Combat
 - Level 2.0 Spellcasting
 - Level 1.7 Transmutations


You had 3 spell levels left.
You knew the following spells:

 Your Spells              Type           Power      Damage    Failure   Level
a - Beastly Appendage     Tmut           12%        N/A       12%         1

Your spell library contained the following spells:

 Spells                   Type           Power      Damage    Failure   Level
 Wereblood                Tmut           6%         N/A       17%         2
 Spider Form              Tmut/Pois      3%         N/A       45%         3
 Dazzling Flash           Conj/Hex       2%         N/A       56%         3
 Ice Form                 Ice/Tmut       3%         N/A       86%         4
 Iskenderun's Mystic Bla  Conj/Tloc      1%         2d3       93%         4
 Starburst                Conj/Fire      0%         6d3       100%        6


Dungeon Overview and Level Annotations

Branches:
Dungeon (1/15)

Altars:


Message History

a +0 short sword; a kobold corpse
Found a scroll labelled ADGHEL LURUNO.
Found a stone staircase leading down.
You see here a +2 dagger of venom.
c - a +2 dagger of venom Adjust to which letter? (? for menu, Esc to quit)
w - a +2 dagger of venom
b - 42 stones (gained 20)
c - a scroll labelled ADGHEL LURUNO
d - a green potion
Found a spear.
e - a scroll labelled NOT PIVEKYQ You open the door.
A frilled lizard comes into view.
There is an open door here.
The frilled lizard hisses angrily.
You hit the frilled lizard.
You kill the frilled lizard!
No target in view!
f - a ring of protection from fire
f - a ring of protection from fire (left hand)
You open the door.
There is an open door here.
A frilled lizard comes into view.
A gnoll comes into view. It is wielding a +0 club.
Found 21 stones.
The frilled lizard hisses angrily.
The gnoll shouts!
You hit the frilled lizard.
You kill the frilled lizard!
You hit the gnoll but do no damage. You punch the gnoll.
The gnoll is lightly wounded.
The gnoll hits you with a +0 club!
You hit the gnoll.
The gnoll is lightly wounded.
The gnoll hits you with a +0 club.
* * * LOW HITPOINT WARNING * * *
You barely miss the gnoll.
The gnoll is lightly wounded.
The gnoll hits you with a +0 club.
You die...

#.#.............###...
..#....#..............
###....#..............
###....#.....#...#.##
...............>.#
###.#..#............
.......#.....#.#.#....
..........#....#.# ###
####..)....#.#.#@#
...........#.#.#g#######
.........#.#.#......g...
..#####...##.#.#...l....
...........#.#.#.##.....
..#####....#.#.... #.###
....#......#.#..... ##
....##.#'#.#.#...(#.
##...#.#.#.#.#....##.


You could see a gnoll.

Vanquished Creatures
  A kobold (D:1)
  A quokka (D:1)
  2 frilled lizards (D:1)
4 creatures vanquished.

Notes
Turn   | Place    | Note
-------+----------+-------------------------------------------
     0 | D:1      | porpoise the Demonspawn Transmuter began the quest for the
                  | Orb.
     0 | D:1      | Reached XP level 1. HP: 15/15 MP: 3/3
   205 | D:1      | Slain by a gnoll

Illustrated notes

Levels and vault maps discovered:
D:1:      minmay_arrival_open_corners, layout_basic,
          shapermc_ecumenical_altar_acropolis, hex_intersection

Action                   || total
-------------------------++-------
Melee: Unarmed           ||    10
       Headbutt          ||     1
       Punch             ||     1
 Cast: Beastly Appendage ||     1
Armor: Robe              ||     1

Table legend: (Time is in decaauts)
 A = Elapsed time spent in this place.
 B = Non-inter-level travel time spent in this place.
 C = Inter-level travel time spent in this place.
 D = Time resting spent in this place.
 E = Time spent auto-exploring this place.
 F = Levels seen in this place.
 G = Mean time per level.
                   A        B        C        D        E       F      G
               +--------+--------+--------+--------+--------+-----+--------+
         Total |    204 |    204 |      0 |      7 |    127 |   1 |  204.0 |
       Dungeon |    204 |    204 |      0 |      7 |    127 |   1 |  204.0 |
               +--------+--------+--------+--------+--------+-----+--------+

Top non-repeatable levels by time:
     D:1: 204 daAuts
